AoeStats
← Mr. Penis

Arena

504710380Analyzed
4v4 RM · 26d ago on Sep 6, 2026· 45m 56s· 8 players
Game mode
Random Map
Map size
Large (8 player)
Population
200
Speed
Normal
Resources
Standard
Victory
Conquest
Starting age
Dark Age
Ending age
Imperial Age
RankedLock teamsTeams togetherTeam positionsShared explorationLock speedFull tech treeHidden civsTurbo modeCheats
Victory
Defeat
🇨🇳 Italians · China
1214
+17
1203
+17
🇦🇷 Japanese · Argentina
1157
+19
🇨🇳 Franks · China
1140
+20
🇷🇴 Japanese · Romania
1284
-20
🇷🇴 Turks · Romania
1270
-21
🇷🇴 Poles · Romania
1187
-17
🇷🇺 Jurchens · Russia
1160
-15
DAO HAO DOG HAVE DEAD FAMILY
11:38 Feudal Age
12:29 Horse Collar
12:39 Double-Bit Axe
15:52 Castle Age
17:05 Bow Saw
22:44 Loom
26:49 Scale Barding Armor
27:49 Forging
28:57 Light Cavalry
29:47 Bloodlines
29:38 Husbandry
31:31 Chain Barding Armor
32:16 Wheelbarrow
31:57 Crossbowman
33:08 Thumb Ring
33:55 Iron Casting
38:32 Imperial Age
36:53 Padded Archer Armor
36:44 Fletching
37:04 Heavy Plow
38:25 Gold Mining
38:42 Arbalester
39:33 Siege Engineers
40:01 Hand Cart
40:17 Conscription
42:11 Chemistry
42:25 Hoardings
42:19 Ballistics
42:13 Bodkin Arrow
42:34 Leather Archer Armor
42:19 Hussar
43:33 Bracer
46:29 Counterweights
taileibuxiang108
10:34 Feudal Age
9:32 Loom
14:46 Castle Age
12:49 Stone Mining
13:08 Double-Bit Axe
16:11 Fletching
17:16 Bodkin Arrow
17:47 Horse Collar
19:16 Horse Collar
20:23 Bow Saw
29:23 Imperial Age
27:54 Fortified Wall
27:56 Masonry
29:32 Ballistics
31:29 Chemistry
35:53 Chemistry
40:04 Gold Mining
44:33 Pirotechnia
武瑧
10:43 Feudal Age
12:48 Loom
15:15 Castle Age
13:35 Double-Bit Axe
13:41 Horse Collar
16:48 Bow Saw
17:13 Heavy Plow
21:02 Wheelbarrow
25:31 Gold Mining
25:32 Stone Mining
27:10 Hand Cart
29:45 Imperial Age
27:41 Forging
27:26 Pikeman
28:16 Scale Mail Armor
29:19 Chain Mail Armor
30:55 Iron Casting
30:53 Squires
30:39 Arson
30:14 Halberdier
32:28 Plate Mail Armor
32:59 Blast Furnace
32:06 Gambesons
31:51 Man-at-Arms
33:42 Two-Man Saw
33:08 Conscription
32:53 Long Swordsman
34:02 Fletching
35:16 Parthian Tactics
34:12 Heavy Cavalry Archer
34:58 Thumb Ring
34:55 Padded Archer Armor
35:26 Bodkin Arrow
36:35 Chemistry
35:56 Ballistics
35:23 Elite Samurai
36:54 Bracer
37:10 Leather Archer Armor
38:38 Kataparuto
39:19 Ring Archer Armor
39:39 Siege Engineers
40:29 Yasama
41:32 Elite Skirmisher
43:39 Treadmill Crane
44:01 Guard Tower
1627714649
10:29 Feudal Age
14:32 Castle Age
12:37 Double-Bit Axe
15:30 Wheelbarrow
15:55 Bow Saw
23:27 Hand Cart
24:37 Loom
24:48 Gold Mining
24:49 Stone Mining
28:38 Imperial Age
27:08 Scale Barding Armor
27:14 Forging
27:42 Husbandry
28:56 Chain Barding Armor
29:36 Iron Casting
29:50 Chivalry
30:10 Conscription
29:20 Cavalier
30:51 Plate Barding Armor
30:41 Paladin
33:36 Squires
33:22 Arson
34:30 Pikeman
36:29 Halberdier
42:25 Blast Furnace
41:27 Scale Mail Armor
41:17 Fletching
46:10 Chain Mail Armor
GS1
11:36 Feudal Age
13:29 Wheelbarrow
12:42 Double-Bit Axe
12:38 Horse Collar
17:09 Castle Age
17:52 Forging
17:58 Bloodlines
18:21 Hand Cart
18:19 Loom
19:50 Light Cavalry
22:53 Heavy Plow
25:00 Scale Barding Armor
25:41 Husbandry
26:47 Gold Mining
29:06 Iron Casting
30:01 Chain Barding Armor
37:45 Imperial Age
35:11 Fletching
35:34 Pikeman
36:00 Arson
39:30 Blast Furnace
37:54 Winged Hussar
38:58 Conscription
Tiberyus
11:27 Feudal Age
15:56 Castle Age
14:01 Double-Bit Axe
14:21 Horse Collar
17:41 Loom
17:57 Gold Mining
23:45 Imperial Age
22:52 Bow Saw
24:01 Fletching
24:13 Padded Archer Armor
32:37 Fletching
36:53 Two-Man Saw
35:55 Heavy Plow
36:50 Wheelbarrow
36:52 Gold Shaft Mining
38:46 Hand Cart
39:31 Stone Mining
39:30 Heavy Camel Rider
40:37 Scale Barding Armor
40:42 Forging
41:40 Town Watch
42:58 Bloodlines
42:50 Husbandry
w.tataieee
0:30 Loom
10:29 Feudal Age
15:53 Castle Age
18:58 Double-Bit Axe
22:43 Scale Mail Armor
27:12 Horse Collar
32:56 Wheelbarrow
37:36 Imperial Age
37:58 Hand Cart
38:03 Chain Mail Armor
37:58 Forging
37:33 Pikeman
38:13 Squires
38:31 Capped Ram
39:08 Arson
39:34 Halberdier
Mr. Penis
11:01 Feudal Age
15:24 Castle Age
13:11 Double-Bit Axe
13:08 Horse Collar
18:23 Bow Saw
19:05 Wheelbarrow
18:51 Fervor
20:27 Sanctity
20:52 Loom
22:58 Heavy Plow
24:22 Gold Mining
25:19 Hand Cart
25:23 Herbal Medicine
26:12 Stone Mining
26:58 Gold Shaft Mining
30:07 Imperial Age
27:23 Town Watch
28:49 Town Patrol
29:07 Murder Holes
28:54 Treadmill Crane
29:10 Murder Holes
29:21 Siege Engineers
29:38 Ballistics
32:17 Chemistry
31:28 Masonry
32:40 Block Printing
34:23 Fortified Wall
34:44 Architecture
34:39 Conscription
34:55 Hoardings
36:10 Fortified Bastions
36:58 Stone Shaft Mining
38:19 Crop Rotation
38:49 Two-Man Saw
40:33 Bloodlines
40:24 Husbandry
41:09 Thunderclap Bombs
Connection lost

Rejoining the realm…

Still unreachable

The connection could not be restored.

Session expired

The server has moved on; the page needs a fresh start.